 Dungeon Crawl Stone Soup version 0.26.1-11-gd32895ea62 (webtiles) character file.

Game seed: 12090114453787083957

23 Zeld the Insei (level 2, -3/18 HPs)
             Began as an Octopode Transmuter on May 27, 2021.
             Killed from afar by an orc wizard (9 damage)
             ... with a puff of flame
             ... on level 3 of the Dungeon.
             The game lasted 00:01:01 (706 turns).

Zeld the Insei (Octopode Transmuter)                 Turns: 706, Time: 00:01:02

Health: -3/18      AC:  1    Str:  9    XL:     2   Next: 95%
Magic:  5/5        EV: 13    Int: 15    God:
Gold:   70         SH:  0    Dex: 12    Spells: 2/5 levels left

rFire    . . .     SeeInvis .     - Unarmed
rCold    . . .     Faith    .   (no shield)
rNeg     . . .     Spirit   .   (helmet currently unavailable)
rPois    .         Reflect  .   (no amulet)
rElec    .         Harm     .   (no ring)
rCorr    .         Rampage  .   (no ring)
Will     .....                  (no ring)
Stlth    ++........             (no ring)
HPRegen  0.06/turn              (no ring)
MPRegen  0.09/turn              (no ring)
                                (no ring)
                                (no ring)

@: appendages (expiring)
A: almost no armour, stealthy swim, amphibious, 8 rings, constrict 8, tentacle
spike 3, camouflage 1, gelatinous body 1
a: End Transformation


You were on level 3 of the Dungeon.
One of your tentacles had a temporary spike.
You visited 1 branch of the dungeon, and saw 3 of its levels.

You collected 70 gold pieces.

Inventory:

Scrolls
 a - a scroll of magic mapping {unknown}
 b - a scroll of remove curse {unknown}
 c - 3 scrolls of identify {unknown}
Potions
 d - a potion of lignification {unknown}
 e - a potion of degeneration {unknown}


   Skills:
 + Level 1.3 Fighting
 + Level 2.2 Dodging
 - Level 3.0 Unarmed Combat
 * Level 2.4 Spellcasting
 * Level 2.5 Transmutations


You had 2 spell levels left.
You knew the following spells:

 Your Spells              Type           Power        Failure   Level
a - Beastly Appendage     Tmut           18%          8%          1
b - Wereblood             Tmut           9%           12%         2

Your spell library contained the following spells:

 Spells                   Type           Power        Failure   Level
 Spider Form              Tmut/Pois      2%           36%         3
 Ice Form                 Ice/Tmut       5%           77%         4
 Blade Hands              Tmut           4%           91%         5


Dungeon Overview and Level Annotations

Branches:
Dungeon (3/15)

Altars:
Fedhas


Innate Abilities, Weirdness & Mutations

You cannot wear most types of armour.
You are very stealthy in the water. (Stealth+)
You are amphibious.
You can wear up to eight rings at the same time.
You can use your tentacles to constrict eight enemies at once.
Your skin changes colour to match your surroundings (Stealth+).
Your rubbery body absorbs attacks. (AC +1, EV +1)
One of your tentacles bears a large vicious spike.


Message History

You barely miss the orc priest. You grab the orc priest.
You squeeze the orc priest.
The orc priest is moderately wounded.
Your transformation is almost over.
You constrict the orc priest. The orc closely misses you. x2
The orc priest closely misses you. The rat bites you.
You tentacle-slap the orc priest.
The orc priest is heavily wounded.
You constrict the orc priest. The orc hits you with a +0 dagger.
The orc hits you but does no damage. The rat closely misses you.
The orc priest hits you with a +0 mace.
You tentacle-slap the orc priest. You squeeze the orc priest.
The orc priest is almost dead.
You constrict the orc priest.
You kill the orc priest!
The orc completely misses you. The rat closely misses you.
The orc wizard points at you and mumbles some strange words.
The puff of flame hits you!
Ouch! That really hurt!
You die...

#.# #.#.#
###.#####.###+#.# #.#
#.#.#
#................ #†#
#.#.#
#########.#####.
#.###.#.######## #.#
...............# #.#
#........#####.# #.#
#####.#..# #.# #.# .#
##################.#
##
......o@or..#.#####.#
...#..)#r..#.......l.
.............########
.(.#..o#...###
............#
#############


You could see an orc wizard, 2 orcs and 2 rats.

Vanquished Creatures
  An orc priest (D:3)
  An adder (D:2)
  A dart slug (D:3)
  A leopard gecko (D:1)
  An orc (D:3)
  A goblin (D:3)
  2 jackals (D:2)
  2 kobolds
10 creatures vanquished.

Notes
Turn   | Place    | Note
-------+----------+-------------------------------------------
     0 | D:1      | Zeld the Octopode Transmuter began the quest for the Orb.
     0 | D:1      | Reached XP level 1. HP: 13/13 MP: 3/3
   210 | D:2      | Found a blossoming altar of Fedhas.
   291 | D:2      | Reached XP level 2. HP: 13/18 MP: 3/5
   296 | D:2      | Learned a level 2 spell: Wereblood
   706 | D:3      | Killed from afar by an orc wizard

Illustrated notes

Levels and vault maps discovered:
D:1:      dpeg_arrival_solitude, layout_loops_cross, grunt_decor_arrowhead,
          minmay_misc_feat_rugged
D:2:      layout_rooms, fedhas_ov_isle_minmay, uniq_jessica
D:3:      layout_basic, lemuel_coloured_pillars_altar,
          cheibrodos_sewer_entry_bend, uniq_ijyb

Action                   || total
-------------------------++-------
Melee: Unarmed           ||    34
       Tentacles         ||     8
       Constrict         ||    10
       Kick              ||     5
 Cast: Beastly Appendage ||     6
       Wereblood         ||     2
Armor: Skin              ||     1
Dodge: Dodged            ||    30
